 Dungeon Crawl Stone Soup version 0.24-a0-504-gcfb02b9d07 (webtiles) character file.

Game seed: 6097038303677397479

18106 KristoblXynda the Cleaver (level 12, -4/90 HPs)
             Began as a Minotaur Fighter on July 16, 2019.
             Was the Champion of Okawaru.
             Slain by a titanic slime creature (58 damage)
             ... on level 12 of the Dungeon.
             The game lasted 00:20:38 (12833 turns).

KristoblXynda the Cleaver (Minotaur Fighter)       Turns: 12833, Time: 00:20:39

Health: -4/90      AC: 36    Str: 23    XL:     12   Next: 24%
Magic:  0/16       EV:  7    Int: 10    God:    Okawaru [******]
Gold:   696        SH: 16    Dex: 10    Spells: 11/11 levels left

rFire    . . .     SeeInvis .   B - +5 broad axe of Okawaru {chop, Int+2 Stlth+}
rCold    . . .     Gourm    .   c - +0 shield
rNeg     . . .     Faith    .   J - +15 Maxwell's patent armour {-Cast -Tele rElec MR+ rCorr}
rPois    +         Spirit   .   q - +2 hat
rElec    +         Reflect  +   L - +0 cloak
rCorr    +         Harm     .   t - +1 pair of gloves {archery}
MR       ++...     NoTele   +   (no boots) Stlth ..........NoCast +
                                a - +3 amulet of reflection
HPRegen  0.25/turn              r - ring of protection from magic
MPRegen  0.15/turn              u - ring of poison resistance

@: no status effects
A: retaliatory headbutt, horns 2
a: Heroism, Finesse, Renounce Religion


You were on level 12 of the Dungeon.
You worshipped Okawaru.
Okawaru was exalted by your worship.
You were not hungry.

You visited 2 branches of the dungeon, and saw 13 of its levels.
You also visited: Ossuary.

You collected 696 gold pieces.

Inventory:

Hand Weapons
 B - the +5 broad axe of Okawaru (weapon) {chop, Int+2 Stlth+}
   (Okawaru gifted it to you on level 9 of the Dungeon)

   It inflicts extra damage upon your enemies.
   It affects your intelligence (+2).
   It makes you more stealthy.
 O - the +4 flail "Suupikk" {crush, +Blink rPois MR+++ Dex-2}
   (You took it off an orc warrior on level 8 of the Dungeon)

   It inflicts extra damage upon your enemies.
   It affects your dexterity (-2).
   It protects you from poison.
   It affects your resistance to hostile enchantments.
   It lets you blink.
Armour
 c - a +0 shield (worn)
 q - a +2 hat (worn)
 t - a +1 pair of gloves of archery (worn)
 J - the +15 Maxwell's patent armour (worn) {-Cast -Tele rElec MR+ rCorr}
   (You found it on level 12 of the Dungeon)

   It insulates you from electricity.
   It affects your resistance to hostile enchantments.
   It prevents spellcasting.
   It prevents most forms of teleportation.
   It provides partial protection from all sources of acid and corrosion.
 L - a +0 cloak (worn)
 P - a +3 plate armour
 Q - the +0 Maxwell's etheric cage {RegenMP+ *Contam rElec MP+4}
   (You found it on level 8 of the Dungeon)

   It insulates you from electricity.
   It affects your magic capacity (+4).
   It causes magical contamination when unequipped.
Jewellery
 a - a +3 amulet of reflection (around neck)
 k - a +2 ring of dexterity
 p - an uncursed ring of protection from magic
 r - a ring of protection from magic (left hand)
 u - a ring of poison resistance (right hand)
 H - an uncursed ring of stealth
Wands
 y - a wand of iceblast (12)
 E - a wand of acid (1)
 G - a wand of scattershot (1)
Scrolls
 b - 3 scrolls of immolation
 m - 5 scrolls of remove curse
 n - 3 scrolls of amnesia
 s - 3 scrolls of enchant weapon
 v - 7 scrolls of teleportation
 w - 2 scrolls of blinking
 D - 2 scrolls of identify
 F - 3 scrolls of magic mapping
Potions
 d - 2 potions of might
 e - a potion of cancellation
 g - 2 potions of heal wounds
 h - 3 potions of magic
 i - 2 potions of ambrosia
 j - 2 potions of curing
 l - a potion of invisibility
 o - 2 potions of haste
 x - 2 potions of lignification
 z - a potion of berserk rage
 A - a potion of resistance
 C - a potion of agility
 I - a potion of brilliance
 K - a potion of mutation
Miscellaneous
 M - a lamp of fire
Comestibles
 f - 15 rations


   Skills:
 - Level 3.6 Fighting
 + Level 12.8 Axes
 + Level 12.4 Armour
 + Level 12.4 Shields
 - Level 7.4 Invocations
 + Level 5.2 Evocations


You had 11 spell levels left.
You didn't know any spells.
Your spell library contained the following spells:

 Spells                   Type           Power        Failure   Level  Hunger
 Animate Skeleton         Necr           N/A          99%         1    ##.....
 Pain                     Necr           #...         99%         1    ##.....
 Shock                    Conj/Air       #...         99%         1    ##.....
 Swiftness                Chrm/Air       #.......     100%        2    ###....
 Regeneration             Chrm/Necr      #.........   100%        3    ####...
 Static Discharge         Conj/Air       #.......     100%        3    ####...
 Vampiric Draining        Necr           #.........   100%        3    ####...
 Airstrike                Air            #.........   100%        4    #####..
 Animate Dead             Necr           N/A          100%        4    #####..
 Lightning Bolt           Conj/Air       #.........   100%        5    ######.


Dungeon Overview and Level Annotations

Branches:
Dungeon (12/15)            Temple (1/1) D:4            Lair (0/6) D:11
    Orc: D:9-12

Altars:
Ashenzari
Cheibriados
Dithmenos
Elyvilon
Fedhas
Gozag
Hepliaklqana
Kikubaaqudgha
Makhleb
Nemelex Xobeh
Okawaru
Qazlal
Ru
Sif Muna
Trog
Uskayaw
Vehumet
Wu Jian
Xom
Yredelemnul
Zin
The Shining One
Beogh

Shops:
D:8 :


Innate Abilities, Weirdness & Mutations

You reflexively headbutt those who attack you in melee.
You have a pair of horns on your head.


Message History

There is an open door here.
Evoke which item? (* to show all) (? for menu, Esc to quit)
Aiming: Scattershot
Press: ? - help, Shift-Dir - straight line, f - titanic slime creature
Aim: a titanic slime creature (moderately wounded)
The burst of metal fragments hits the titanic slime creature! x8
The titanic slime creature is heavily wounded.
The titanic slime creature hits you!! The eye of draining gazes at you.
You feel your power leaking away.
Unknown command.
Evoke which item? (* to show all) (? for menu, Esc to quit)
Aiming: Scattershot
Press: ? - help, Shift-Dir - straight line, f/p - titanic slime creature
Aim: a titanic slime creature (heavily wounded)
The burst of metal fragments hits the titanic slime creature! x8
The titanic slime creature is almost dead.
The titanic slime creature hits you!!!
Ouch! That really hurt!
You die...

# .. ... ###+####
.... #......# .....
#......# .....>####
#......#
......).G####......+
......##JJyJ@......#
..... ######......#
###. ##'##### #
#....# #####'######
#.........(#
#..(..(....#
#...(.)))..######
#.......(..##....


You could see a titanic slime creature, a slime creature, an eye of draining, a
hornet and a jelly.

Vanquished Creatures
  A hydra (D:11)
  3 two-headed ogres
  Erica (D:8)
  2 unseen horrors (D:10)
  The ghost of hitsuchi the Impaler, a novice MfSk of Okawaru (D:8)
  Pikel (D:8)
  Maurice (D:8)
  Joseph (D:8)
  A gargoyle (D:10)
  A kobold demonologist (D:7)
  A troll (D:11)
  2 hornets
  Prince Ribbit (D:9)
  4 slime creatures (D:10)
  4 hippogriffs
  3 wraiths
  8 yaks
  2 wyverns
  Eustachio (D:5)
  A hungry ghost (D:11)
  A basilisk (D:11)
  Menkaure (D:7)
  Duvessa (D:5)
  A water moccasin (D:10)
  2 porcupines (D:11)
  2 sky beasts
  2 ice beasts
  8 orc warriors
  A slave (D:8)
  5 black bears
  8 ogres
  An eye of draining (D:11)
  7 centaurs
  A big kobold (D:10)
  9 bullfrogs
  Dowan (D:5)
  2 wyvern skeletons
  2 scorpions
  3 killer bees (D:8)
  3 wights (Ossuary)
  An electric eel (D:10)
  3 howler monkeys
  A crimson imp (D:6)
  6 hounds
  A quasit (D:10)
  A bullfrog zombie (D:10)
  8 orc priests
  8 jellies
  11 orc wizards
  A bullfrog skeleton (D:6)
  2 centaur skeletons
  2 iguanas
  11 worker ants
  A killer bee zombie (D:6)
  A hound zombie (D:6)
  A mummy (D:6)
  A worker ant zombie (D:6)
  A howler monkey zombie (D:6)
  7 gnolls
  14 adders
  4 shadow imps
  7 oozes
  6 adder zombies
  2 adder skeletons
  3 worms
  A dart slug (D:2)
  4 leopard geckos
  56 orcs
  A giant cockroach (D:1)
  7 goblins
  10 hobgoblins
  14 jackals
  7 kobolds
  6 quokkas
  2 ball pythons
  A ball python skeleton (Ossuary)
  6 bats
  5 frilled lizards
  2 hobgoblin zombies (Ossuary)
  3 kobold zombies (Ossuary)
  A quokka zombie (D:8)
  11 rats
  5 fungi (D:11)
  A plant (D:11)
348 creatures vanquished.

Vanquished Creatures (others)
  2 centaurs (D:12)
  An orc (D:8)
  A kobold (D:10)
  6 fungi (D:11)
  A plant (D:11)
11 creatures vanquished.

Grand Total: 359 creatures vanquished

Notes
Turn   | Place    | Note
-------+----------+-------------------------------------------
     0 | D:1      | KristoblXynda the Minotaur Fighter began the quest for the
                  | Orb.
     0 | D:1      | Reached XP level 1. HP: 19/19 MP: 0/0
   364 | D:1      | Reached XP level 2. HP: 26/26 MP: 1/1
   798 | D:2      | Reached XP level 3. HP: 31/31 MP: 2/2
  1209 | D:2      | Found a shadowy altar of Dithmenos.
  1365 | D:2      | Reached XP level 4. HP: 39/39 MP: 3/3
  2163 | D:4      | Reached XP level 5. HP: 44/45 MP: 4/4
  2175 | D:4      | Reached skill level 5 in Axes
  2295 | D:4      | Reached skill level 5 in Armour
  2295 | D:4      | Reached skill level 5 in Shields
  2357 | D:4      | Found a staircase to the Ecumenical Temple.
  2366 | Temple   | Entered the Ecumenical Temple
  2534 | Temple   | Became a worshipper of Warmaster Okawaru
  2659 | D:4      | Reached XP level 6. HP: 51/51 MP: 5/5
  3626 | D:5      | Entered Level 5 of the Dungeon
  3637 | D:5      | Reached XP level 7. HP: 57/57 MP: 6/6
  3713 | D:5      | Reached * piety under Okawaru
  3715 | D:5      | Noticed Eustachio
  3722 | D:5      | Reached skill level 1 in Invocations
  3752 | D:5      | Killed Eustachio
  4246 | D:5      | Noticed Duvessa
  4247 | D:5      | Noticed Dowan
  4256 | D:5      | Killed Duvessa
  4256 | D:5      | Reached XP level 8. HP: 40/64 MP: 8/8
  4266 | D:5      | Killed Dowan
  4266 | D:5      | Reached ** piety under Okawaru
  4527 | D:5      | Noticed a moth of wrath
  4531 | D:5      | Found a bloodstained altar of Trog.
  4712 | D:6      | Found a sand-covered staircase.
  4722 | Ossuary  | Entered an ossuary
  4820 | Ossuary  | Noticed a flying skull
  4828 | Ossuary  | Noticed a flying skull
  4895 | Ossuary  | Noticed a flying skull
  5005 | Ossuary  | Noticed a flying skull
  5010 | Ossuary  | Noticed a flying skull
  5454 | D:6      | Reached XP level 9. HP: 65/70 MP: 11/11
  5635 | D:6      | Reached *** piety under Okawaru
  6457 | D:7      | Reached skill level 5 in Invocations
  6572 | D:7      | Found a transporter.
  6582 | D:7      | Noticed a kobold demonologist
  6601 | D:7      | Killed a kobold demonologist
  6608 | D:7      | Found a transporter.
  6879 | D:7      | Found a shattered altar of Ashenzari.
  6935 | D:7      | Noticed Menkaure
  6946 | D:7      | Killed Menkaure
  7399 | D:8      | Found a runed translucent gate.
  7402 | D:8      | Found a runed translucent gate.
  7402 | D:8      | Found a runed translucent gate.
  7402 | D:8      | Noticed hitsuchi's ghost (novice MfSk)
  7404 | D:8      | Identified the +4 flail "Suupikk" {crush, +Blink rPois
                  | MR+++ Dex-2}
  7405 | D:8      | Found a roughly hewn altar of Beogh.
  7407 | D:8      | Found the +0 Maxwell's etheric cage {RegenMP+ *Contam rElec
                  | MP+4}
  7441 | D:8      | Noticed Maurice
  7798 | D:8      | Reached **** piety under Okawaru
  7808 | D:8      | Reached skill level 10 in Axes
  7812 | D:8      | Noticed Joseph
  7832 | D:8      | Killed Joseph
  7832 | D:8      | Reached XP level 10. HP: 64/77 MP: 13/13
  7846 | D:8      | Noticed Erica
  7863 | D:8      | Killed Erica
  7863 | D:8      | Noticed Pikel
  7871 | D:8      | Killed Pikel
  7871 | D:8      | Reached skill level 10 in Armour
  7871 | D:8      | Reached skill level 10 in Shields
  7873 | D:8      | Reached ***** piety under Okawaru
  7895 | D:8      | Killed Maurice
  8388 | D:8      | Found Wiqan's Book Shoppe.
  8663 | D:8      | Killed hitsuchi's ghost
  9213 | D:9      | Found a hazy altar of Hepliaklqana.
  9270 | D:9      | Received a gift from Okawaru
  9273 | D:9      | Got a bloodstained broad axe {god gift}
  9274 | D:9      | Identified the +5 broad axe of Okawaru {chop, Int+2 Stlth+}
                  | (Okawaru gifted it to you on level 9 of the Dungeon)
  9506 | D:9      | Reached skill level 1 in Evocations
  9506 | D:9      | Reached XP level 11. HP: 66/82 MP: 15/15
  9961 | D:9      | Noticed Prince Ribbit
  9976 | D:9      | Killed Prince Ribbit
 10040 | D:10     | Entered Level 10 of the Dungeon
 11242 | D:10     | Killed an unseen horror
 11242 | D:10     | Reached ****** piety under Okawaru
 11282 | D:10     | Killed an unseen horror
 11636 | D:11     | Received a gift from Okawaru
 11728 | D:11     | Noticed a seven-headed hydra
 11735 | D:11     | Killed a seven-headed hydra
 11951 | D:11     | Found a blossoming altar of Fedhas.
 12015 | D:11     | Noticed a two-headed ogre
 12020 | D:11     | Killed a two-headed ogre
 12098 | D:11     | Found a staircase to the Lair.
 12108 | D:11     | Reached XP level 12. HP: 56/90 MP: 5/16
 12256 | D:11     | Noticed a two-headed ogre
 12262 | D:11     | Killed a two-headed ogre
 12597 | D:11     | Reached skill level 5 in Evocations
 12733 | D:12     | Found the +15 Maxwell's patent armour {-Cast -Tele rElec
                  | MR+ rCorr}
 12811 | D:12     | Noticed a two-headed ogre
 12816 | D:12     | Killed a two-headed ogre
 12833 | D:12     | Slain by a titanic slime creature

Levels and vault maps discovered:
D:1:      nagdon_arrival_zigzag_paths, layout_basic
D:2:      layout_loops_ring, marbit_many_paths, kennysheep_generic_room_13
D:3:      layout_basic, first_ration
D:4:      wander_river, layout_gridville, minmay_temple_entry_trees,
          minmay_goblin_outpost
D:5:      layout_rooms, tgw_trog, uniq_duvessa, uniq_eustachio
D:6:      layout_basic, gup_ossuary_entry_pyramid
D:7:      gammafunk_wand_slinger, layout_basic, cheibrodos_ashenzari_chains,
          uniq_menkaure
D:8:      layout_rooms, biasface_ghost_orc_armoury, serial_shops, shop,
          hangedman_little_slice_of_home, uniq_joseph, uniq_erica, uniq_pikel,
          uniq_maurice
D:9:      layout_basic, overflow_temple_1_default, minmay_microvault,
          uniq_prince_ribbit1
D:10:     layout_loops_cross, grunt_ministairs_12, minivault_14
D:11:     layout_irregular_city, grunt_lair_entry_orc_guard_hut, fedhas_altar_2
D:12:     layout_roguey, david_orc_4, uniq_sonja
Temple:   dpeg_five_rooms_temple

Skill      XL: |  1  2  3  4  5  6  7  8  9 10 11 12 |
---------------+-------------------------------------+-----
Axes           | 3 4 5 6 7 8 10 11 12 | 12.8
Armour         | 4 5 6 7 9 10 12 | 12.4
Shields        | 4 5 6 7 9 10 12 | 12.4
Invocations    | 2 4 6 7 |  7.4
Evocations     | 1 4 5 |  5.2
Fighting       | |  3.6

Action                   |  1- 3 |  4- 6 |  7- 9 | 10-12 || total
-------------------------+-------+-------+-------+-------++-------
Melee: War axe           |    70 |   136 |   427 |   131 ||   764
       Headbutt          |     9 |    15 |    81 |    67 ||   172
       Broad axe         |       |       |       |   268 ||   268
       Flail             |       |       |       |     6 ||     6
Evoke: Wand              |       |       |     8 |     6 ||    14
  Use: Scroll            |       |     7 |    11 |    12 ||    30
       Potion            |       |     1 |     1 |     3 ||     5
  Eat: Chunk             |     1 |     8 |     2 |     6 ||    17
       Ration            |       |       |     4 |     4 ||     8
Armor: Scale mail        |     4 |       |       |       ||     4
       Chain mail        |    46 |    84 |   256 |    31 ||   417
       Plate armour      |       |       |       |   155 ||   155
Dodge: Dodged            |    14 |    41 |   104 |    86 ||   245
Block: Shield            |    35 |    90 |   227 |   298 ||   650
       Reflection        |       |       |       |    24 ||    24

Table legend:
 A = Non-vault XP
 B = Vault XP
 C = Vault XP percentage of total XP
 D = Non-vault monster count
 E = Vault monster count
 F = Vault count percentage of total count
                 A         B        C        D         E       F
            +---------+---------+-------+---------+---------+-------
      Total |   19138 |    6728 |  26.0 |     274 |      70 |  20.3
            +---------+---------+-------+---------+---------+-------
        D:1 |      22 |       0 |   0.0 |      13 |       0 |   0.0
        D:2 |      77 |       3 |   3.8 |      22 |       2 |   8.3
        D:3 |     123 |       0 |   0.0 |      18 |       0 |   0.0
        D:4 |     468 |       7 |   1.5 |      19 |       4 |  17.4
        D:5 |     743 |     440 |  37.2 |      19 |       8 |  29.6
        D:6 |     911 |      18 |   1.9 |      31 |       1 |   3.1
        D:7 |     661 |     714 |  51.9 |      18 |       8 |  30.8
        D:8 |    1136 |    3690 |  76.5 |      36 |      24 |  40.0
        D:9 |    1858 |     334 |  15.2 |      14 |       2 |  12.5
       D:10 |    4816 |     220 |   4.4 |      34 |       2 |   5.6
       D:11 |    6695 |     677 |   9.2 |      41 |       5 |  10.9
       D:12 |    1625 |       0 |   0.0 |       8 |       0 |   0.0
     Temple |       3 |       0 |   0.0 |       1 |       0 |   0.0
    Ossuary |       0 |     625 | 100.0 |       0 |      14 | 100.0
            +---------+---------+-------+---------+---------+-------
